 Dungeon Crawl Stone Soup version 0.29-a0-40-g8eb35ef (webtiles) character file.

Game seed: 1136520125607301221

71561 Illumine the Zephyrmancer (level 14, 0/113 HPs)
             Began as a Demigod Conjurer on Jan 31, 2022.
             Slain by a phantasmal warrior (24 damage)
             ... led by a death knight
             ... on level 13 of the Dungeon on Feb 1, 2022.
             The game lasted 01:06:45 (34472 turns).

Illumine the Zephyrmancer (Demigod Conjurer)       Turns: 34472, Time: 01:06:46

Health: 0/113      AC: 11    Str: 15    XL:     14   Next: 55%
Magic:  23/28      EV: 14    Int: 42    God:
Gold:   1682       SH:  4    Dex:  8    Spells: 3/25 levels left

rFire   . . .      SeeInvis .   W - +9 spear of Cheibriados's Pride {pain, Str+4}
rCold   . . .      Faith    .   I - +0 buckler
rNeg    + + +      Spirit   .   s - +1 robe {Archmagi}
rPois   .          Reflect  .   V - +1 helmet
rElec   .          Harm     .   D - scarf {+Inv}
rCorr   .          Rampage  .   P - +0 pair of gloves
Will    ++...      Archmagi +   r - +0 pair of boots
Stlth   +......... Clarity  +   X - amulet of the Four Winds {rN+ Will+++ Clar}
HPRegen 0.28/turn               t - ring "Qiaxidghown" {rN+++ AC+4 Str+3 Dex-4 Slay+2}
MPRegen 0.21/turn               h - +6 ring of intelligence

@: weak-willed, unable to read
A: high MP 1, forlorn, divine attributes, inability to read while threatened
a: Evoke Invisibility


You were on level 13 of the Dungeon.
You visited 3 branches of the dungeon, and saw 21 of its levels.
You also visited: Ossuary.

You collected 1682 gold pieces.

Inventory:

Hand Weapons
 i - a +7 great sword of holy wrath
 W - the +9 spear of Cheibriados's Pride (weapon) {pain, Str+4}
   (You found it on level 4 of the Dungeon)

   In the hands of one skilled in necromantic magic, it inflicts extra damage on
   living creatures.
   Str:       It affects your strength (+4).
Missiles
 b - 3 throwing nets
 p - 16 javelins
 z - 2 silver boomerangs
Armour
 r - a +0 pair of boots (worn)
 s - a +1 robe of the Archmagi (worn)
 A - the +10 tower shield of Ignorance {rN+ Int-4}
   (You found it on level 12 of the Dungeon)

   Int:       It affects your intelligence (-4).
   rN:        It protects you from negative energy.
 D - a scarf of invisibility (worn)
 I - a +0 buckler (worn)
 P - a +0 pair of gloves (worn)
 V - a +1 helmet (worn)
Jewellery
 a - a ring of willpower
 h - a +6 ring of intelligence (right hand)
 m - a ring of protection from cold
 t - the ring "Qiaxidghown" (left hand) {rN+++ AC+4 Str+3 Dex-4 Slay+2}
   (You found it on level 4 of the Dungeon)

   [ring of protection]

   AC:        It affects your AC (+4).
   Str:       It affects your strength (+3).
   Dex:       It affects your dexterity (-4).
   Slay:      It affects your accuracy & damage with ranged weapons and melee
   (+2).
   rN:        It renders you almost immune to negative energy.
 y - a ring of positive energy
 X - the amulet of the Four Winds (around neck) {rN+ Will+++ Clar}
   (You found it on level 1 of the Lair of Beasts)

   [amulet of nothing]

   rN:        It protects you from negative energy.
   Clar:      It protects you against confusion.
   Will:      It greatly increases your willpower.
Wands
 c - a wand of acid (11)
 q - a wand of paralysis (15)
 w - a wand of charming (13)
 x - a wand of iceblast (10)
 G - a wand of digging (4)
 M - a wand of mindburst (22)
 N - a wand of flame (26)
Scrolls
 f - 3 scrolls of magic mapping
 k - 4 scrolls of summoning
 n - a scroll of enchant weapon
 o - a scroll of torment {unknown}
 u - 4 scrolls of amnesia
 v - 3 scrolls of fear
 C - 3 scrolls of fog
 E - 2 scrolls of vulnerability
 F - a scroll of holy word {unknown}
 J - 6 scrolls of teleportation
 K - a scroll of blinking
 R - a scroll of enchant armour {unknown}
 S - a scroll of acquirement {unknown}
 Y - a scroll of brand weapon {unknown}
Potions
 d - 4 potions of curing
 e - 5 potions of heal wounds
 g - a potion of brilliance
 j - a potion of ambrosia
 l - 2 potions of cancellation
 B - a potion of might {unknown}
 L - 2 potions of flight
 O - a potion of attraction {unknown}
 Q - 2 potions of magic
 T - 4 potions of mutation
 U - a potion of haste {unknown}
Miscellaneous
 Z - a condenser vane (inert)


   Skills:
 + Level 7.3 Fighting
 - Level 7.5 Long Blades
 - Level 5.0 Maces & Flails
 * Level 3.2 Polearms
 - Level 10.2 Dodging
 - Level 1.7 Stealth
 * Level 5.2 Shields
 - Level 6.4 Spellcasting
 - Level 7.1 Conjurations
 - Level 4.0 Hexes
 + Level 7.2 Necromancy
 - Level 5.0 Translocations
 - Level 11.8 Air Magic
 - Level 5.4 Evocations


You had 3 spell levels left.
You knew the following spells:

 Your Spells              Type           Power      Damage    Failure   Level
a - Magic Dart            Conj           100%       1d8       1%          1
b - Searing Ray           Conj           100%       2d8       1%          2
c - Fulminant Prism       Conj/Hex       37%        3d18      2%          4
d - Iskenderun's Mystic   Conj/Tloc      77%        2d15      2%          4
e - Lightning Bolt        Conj/Air       48%        1d68      1%          5
f - Death Channel         Necr           42%        N/A       22%         6

Your spell library contained the following spells:

 Spells                   Type           Power      Damage    Failure   Level
 Slow                     Hex            100%       N/A       1%          1
 Corpse Rot               Necr/Air       100%       N/A       1%          2
 Static Discharge         Conj/Air       96%        N/A       1%          2
 Confusing Touch          Hex            63%        N/A       1%          3
 Dazzling Flash           Conj/Hex       100%       N/A       1%          3
 Stone Arrow              Conj/Erth      100%       3d13      1%          3
 Vampiric Draining        Necr           84%        2d12      1%          3
 Sandblast                Erth           40%        2d10      2%          1
 Passwall                 Tmut/Erth      16%        N/A       4%          2
 Dispel Undead            Necr           84%        3d27      1%          4
 Maxwell's Capacitive Co  Air            53%        ∞         82%         8


Dungeon Overview and Level Annotations

Branches:
Dungeon (13/15)            Temple (0/1) D:7            Lair (6/6) D:11
  Swamp (0/4) Lair:4       Spider (0/4) Lair:3        Slime (0/5) Lair:5
    Orc (2/2) D:10        Ossuary (visited)
    Elf: Orc:2       Vaults: D:13-14

Shops:
D:1 [

Portals:
Abyss: D:10

Annotations:
D:10 2 transporters, Mango's ghost, journeyman DrMo
D:12 2 transporters, 1 runed translucent door, exclusion: orange crystal statue, Ubbricas's ghost, journeyman DsGl
Lair:5 1 runed translucent door
Orc:2 Saint Roka


Innate Abilities, Weirdness & Mutations

You have an increased reservoir of magic. (+10% MP)
You shall have no god before yourself.
Your divine heritage dramatically boosts your attributes as you level up.
You sometimes lose the ability to read scrolls when taking damage.


Message History

A skeletal warrior comes into view. It is wielding a +4 vorpal mace.
There is an open door here.
The phantasmal warrior gestures at you.
The phantasmal warrior blinks!
The phantasmal warrior gestures at you.
The phantasmal warrior blinks!
You hit the phantasmal warrior but do no damage.
You barely miss the phantasmal warrior. The phantasmal warrior hits you!! x2
You feel threatened and lose the ability to read scrolls!
Your willpower is stripped away!
Unknown command.
Casting: Lightning Bolt (dangerous; 1% risk of failure)
Confirm with . or Enter, or press ? or * to list all spells.
Aiming: Lightning Bolt (dangerous; 1% risk of failure)
Press: ? - help, Shift-Dir - straight line You feel a surge of power!
That beam is likely to hit you.
Continue anyway?
Okay, then.
Casting: Lightning Bolt (dangerous; 1% risk of failure)
Confirm with . or Enter, or press ? or * to list all spells.
Aiming: Lightning Bolt (dangerous; 1% risk of failure)
Press: ? - help, Shift-Dir - straight line You feel a surge of power!
That beam is likely to hit you.
Continue anyway?
You hear a mighty clap of thunder!
The bolt of lightning hits the phantasmal warrior but does no damage.
The bolt of lightning hits the phantasmal warrior!!
The phantasmal warrior is severely damaged.
The bolt of lightning hits you!!!
Ouch! That really hurt!
* * * LOW HITPOINT WARNING * * *
You hear a croak.
The phantasmal warrior barely misses you.
You cannot read scrolls in your current state!
You feel much better.
You block the phantasmal warrior's attack.
You puncture the phantasmal warrior!
The phantasmal warrior is almost destroyed.
The phantasmal warrior hits you!!
You die...

#######+### #
..........# ..
z..W......##.
............
..p..)....#
.W.§..W...#
#####p# #.W@..#
#####.#######
#..........<#
#...........#
#.............#
#...........#.#
#...........#..#
#...........# .+
#...........# ##


You could see a death knight and a phantasmal warrior.

Vanquished Creatures
  Azrael (D:12)
  A dire elephant (Lair:6)
  6 hydras
  5 boulder beetles
  A catoblepas (Lair:6)
  A death knight (D:12)
  A deep troll shaman (Lair:6)
  15 death yaks
  2 two-headed ogres
  Urug (D:12)
  Nergalle (D:12)
  3 orc high priests
  Sonja (D:12)
  An orc knight (D:10)
  2 ugly things (D:12)
  A wolf spider (Lair:6)
  An orc sorcerer (Orc:2)
  2 oklob plants (Lair:4)
  2 manticores
  2 cyclopes
  19 elephants
  6 black mambas
  A gargoyle (D:10)
  2 freezing wraiths (D:12)
  Maggie (D:7)
  15 cane toads
  A kobold demonologist (D:12)
  4 rime drakes
  An unseen horror (D:12)
  8 komodo dragons
  5 polar bears
  12 blink frogs
  5 trolls
  Grinder (D:3)
  Sigmund (D:3)
  2 shadows
  50 yaks
  3 fire elementals (D:12)
  2 basilisks
  4 wyverns
  Eustachio (D:5)
  3 wraiths
  2 steam dragons
  3 vampire mosquitoes (D:12)
  Edmund (D:6)
  2 acid dragons
  17 water moccasins
  A hell hound (D:12)
  16 orc warriors
  2 sky beasts
  A swamp drake (Lair:4)
  2 black bears
  2 necrophages (D:6)
  9 wolves
  3 centaurs
  3 ogres (Orc:2)
  3 phantoms
  2 elf zombies (Ossuary)
  2 kobold brigands
  16 bullfrogs
  A gnoll sergeant (D:6)
  7 scorpions
  8 killer bees
  2 vampire bats (D:9)
  5 electric eels
  A jelly (D:8)
  3 howler monkeys (D:9)
  A bullfrog zombie (D:5)
  4 lava snakes (Lair:1)
  4 centaur zombies
  2 bullfrog skeletons (D:5)
  19 orc priests
  3 centaur skeletons
  3 hounds
  A gnoll shaman (D:8)
  4 iguanas
  Ijyb (D:4)
  24 orc wizards
  2 killer bee zombies
  2 mummies (Ossuary)
  2 howler monkey zombies
  13 gnolls
  11 adders
  2 white imps
  A worm (D:2)
  2 dart slugs (D:3)
  67 orcs
  13 endoplasms
  2 giant cockroaches
  3 gnoll zombies (Ossuary)
  3 goblins
  5 hobgoblins
  12 kobolds
  3 quokkas
  4 ball pythons
  11 bats
  5 frilled lizards
  A goblin zombie (Ossuary)
  2 hobgoblin zombies (Ossuary)
  6 orc zombies (Ossuary)
  9 rats
  A spectral orc (D:9)
559 creatures vanquished.

Vanquished Creatures (collateral kills)
  A two-headed ogre (Orc:2)
  A death yak (Lair:6)
  A blink frog (Lair:6)
  2 yaks (Lair:6)
  An ogre (Orc:2)
  2 orc priests (Orc:2)
  An orc wizard (Orc:2)
  5 orcs (Orc:2)
14 creatures vanquished.

Vanquished Creatures (others)
  2 bushes
  43 fulminant prisms
  63 fungi
  110 plants
218 creatures vanquished.

Grand Total: 791 creatures vanquished

Notes
Turn   | Place    | Note
-------+----------+-------------------------------------------
     0 | D:1      | Illumine the Demigod Conjurer began the quest for the Orb.
     0 | D:1      | Reached XP level 1. HP: 14/14 MP: 5/5
   441 | D:1      | Reached XP level 2. HP: 20/20 MP: 1/7
   547 | D:1      | Learned a level 2 spell: Searing Ray
   734 | D:1      | Found Igheusso's Antique Armour Emporium.
  1508 | D:2      | Reached XP level 3. HP: 16/26 MP: 1/9
  1700 | D:2      | Reached skill level 1 in Shields
  2137 | D:2      | Reached XP level 4. HP: 27/33 MP: 5/10
  2192 | D:2      | Learned a level 4 spell: Fulminant Prism
  2718 | D:3      | Reached skill level 1 in Hexes
  2891 | D:3      | Noticed Grinder
  2928 | D:4      | Found a sand-covered staircase.
  2946 | D:4      | Identified the +9 spear of Cheibriados's Pride {pain,
                  | Str+4}
  2963 | Ossuary  | Entered an ossuary
  3062 | Ossuary  | Reached XP level 5. HP: 29/38 MP: 0/12
  3332 | Ossuary  | Reached XP level 6. HP: 25/45 MP: 0/13
  3667 | D:4      | Identified the ring "Qiaxidghown" {rN+++ AC+4 Str+3 Dex-4
                  | Slay+2}
  3766 | D:4      | Identified the +0 ring mail "Hesapp" {*Slow rN+ Dex+5}
  3808 | D:4      | Noticed Ijyb
  3823 | D:4      | Killed Ijyb
  4050 | D:4      | Reached skill level 5 in Conjurations
  4196 | D:4      | Learned a level 4 spell: Iskenderun's Mystic Blast
  4413 | D:4      | Reached skill level 1 in Polearms
  4519 | D:5      | Entered Level 5 of the Dungeon
  4625 | D:5      | Reached skill level 1 in Translocations
  4625 | D:5      | Reached XP level 7. HP: 43/50 MP: 15/15
  5522 | D:5      | Noticed Eustachio
  5720 | D:5      | Killed Eustachio
  5721 | D:5      | Reached XP level 8. HP: 40/57 MP: 9/17
  6402 | D:6      | Reached skill level 1 in Fighting
  6555 | D:6      | Identified the +9 mace of Holur {vorpal, rC+}
  6636 | D:6      | Noticed Edmund
  6653 | D:6      | Killed Edmund
  6858 | D:7      | Reached skill level 1 in Maces & Flails
  7340 | D:7      | Found a staircase to the Ecumenical Temple.
  7393 | D:7      | Reached XP level 9. HP: 53/67 MP: 12/19
  7695 | D:7      | Noticed Maggie
  7704 | D:7      | Killed Maggie
  8007 | D:7      | Reached skill level 5 in Spellcasting
  8974 | D:3      | Noticed Sigmund
  8983 | D:3      | Killed Sigmund
  9299 | D:3      | Killed Grinder
  9300 | D:3      | Reached skill level 5 in Shields
  9676 | D:8      | Noticed a cyclops
  9686 | D:8      | Killed a cyclops
 10863 | D:9      | Reached skill level 5 in Translocations
 10880 | D:9      | Learned a level 5 spell: Lightning Bolt
 11003 | D:9      | Reached XP level 10. HP: 77/77 MP: 14/21
 11004 | D:9      | Reached skill level 1 in Evocations
 11018 | D:9      | Reached skill level 1 in Air Magic
 11495 | D:9      | Reached skill level 2 in Air Magic
 11926 | D:10     | Entered Level 10 of the Dungeon
 12279 | D:10     | Found a one-way gate to the infinite horrors of the Abyss.
 12279 | D:10     | Noticed Mango's ghost (journeyman DrMo)
 12279 | D:10     | Noticed a toenail golem
 12284 | D:10     | Noticed a red ugly thing
 12291 | D:10     | Found a transporter.
 12298 | D:10     | Found a transporter.
 12378 | D:10     | Noticed a smoke demon
 12467 | D:10     | Noticed a soul eater
 12519 | D:10     | Noticed a toenail golem
 12600 | D:10     | Noticed an orc knight
 13092 | D:10     | Found a staircase to the Orcish Mines.
 13308 | D:10     | Reached skill level 3 in Air Magic
 13649 | D:11     | Noticed a boulder beetle
 14181 | D:10     | Killed an orc knight
 14182 | D:10     | Reached skill level 4 in Air Magic
 14383 | Orc:1    | Entered Level 1 of the Orcish Mines
 14408 | Orc:1    | Noticed an orc high priest
 14409 | Orc:1    | Noticed an orc high priest
 14530 | D:11     | Noticed a cyclops
 14530 | D:11     | Noticed a two-headed ogre
 14830 | D:11     | Killed a two-headed ogre
 14831 | D:11     | Reached skill level 5 in Maces & Flails
 14831 | D:11     | Reached skill level 5 in Air Magic
 15142 | D:11     | Killed a cyclops
 15256 | D:11     | Reached skill level 6 in Air Magic
 15256 | D:11     | Reached XP level 11. HP: 84/84 MP: 14/23
 15323 | D:10     | Reached skill level 7 in Air Magic
 15598 | D:11     | Identified the +7 great sword of Valour {pain, Int+6 Dex+6}
 15864 | D:11     | Noticed a boulder beetle
 15872 | D:11     | Killed a boulder beetle
 16043 | D:11     | Found a staircase to the Lair.
 16069 | D:11     | Reached skill level 1 in Long Blades
 16069 | D:11     | Reached skill level 1 in Necromancy
 16069 | D:11     | Reached skill level 8 in Air Magic
 16453 | Lair:1   | Entered Level 1 of the Lair of Beasts
 16609 | Lair:1   | Noticed a six-headed hydra
 16623 | Lair:1   | Killed a six-headed hydra
 16751 | Lair:1   | Upgraded the game from 0.29-a0-25-g7f48f51 to
                  | 0.29-a0-36-gb1d7ae0
 16854 | Lair:1   | Noticed an eight-headed hydra
 16864 | Lair:1   | Killed an eight-headed hydra
 17120 | Lair:1   | Reached skill level 5 in Dodging
 17799 | Lair:1   | Reached skill level 9 in Air Magic
 18861 | Lair:1   | Noticed a four-headed hydra
 18865 | Lair:1   | Killed a four-headed hydra
 18963 | Lair:1   | Found the amulet of the Four Winds {rN+ Will+++ Clar}
 19009 | Lair:1   | Upgraded the game from 0.29-a0-36-gb1d7ae0 to
                  | 0.29-a0-39-g581ba40
 19034 | Lair:2   | Reached XP level 12. HP: 91/91 MP: 18/24
 20063 | Lair:2   | Noticed a boulder beetle
 20069 | Lair:2   | Killed a boulder beetle
 20084 | Lair:2   | Reached skill level 10 in Air Magic
 21016 | Lair:3   | Reached skill level 5 in Evocations
 21495 | Lair:3   | Upgraded the game from 0.29-a0-39-g581ba40 to
                  | 0.29-a0-40-g8eb35ef
 21841 | Lair:3   | Found a hole to the Spider Nest.
 22080 | Lair:3   | Identified the +0 robe of Pyninap {rElec Stlth+}
 23025 | Lair:4   | Reached skill level 5 in Necromancy
 23293 | Lair:4   | Noticed a seven-headed hydra
 23295 | Lair:4   | Killed a seven-headed hydra
 23296 | Lair:4   | Reached skill level 5 in Long Blades
 23553 | Lair:4   | Reached XP level 13. HP: 82/99 MP: 7/25
 23801 | Lair:4   | Found a staircase to the Swamp.
 24788 | Lair:5   | Reached skill level 5 in Fighting
 26664 | Lair:5   | Found a runed translucent door.
 26665 | Lair:5   | Noticed an acid blob
 26667 | Lair:5   | Found a staircase to the Slime Pits.
 26667 | Lair:5   | Noticed an acid blob
 26695 | Lair:6   | Entered Level 6 of the Lair of Beasts
 26862 | Lair:6   | Reached skill level 11 in Air Magic
 27775 | Lair:6   | Learned a level 6 spell: Death Channel
 29030 | Lair:6   | Reached XP level 14. HP: 96/111 MP: 12/27
 29527 | Lair:6   | HP: 1/111 [dire elephant (30)]
 29975 | Lair:6   | Identified the +7 hand crossbow of Hyqavof {venom, rF-
                  | Will+ SInv}
 30598 | Orc:2    | Entered Level 2 of the Orcish Mines
 30932 | Orc:2    | Gained mutation: You sometimes lose the ability to read
                  | scrolls when taking damage. [a neqoxec]
 32115 | Orc:2    | Noticed Saint Roka
 32566 | D:12     | Found a transporter.
 32566 | D:12     | Found a transporter.
 32584 | D:12     | Reached skill level 10 in Dodging
 32814 | D:12     | Noticed Sonja
 32822 | D:12     | Killed Sonja
 33043 | D:12     | Noticed Urug
 33048 | D:12     | Noticed Azrael
 33065 | D:12     | Killed Azrael
 33352 | D:12     | Killed Urug
 33465 | D:12     | Noticed Nergalle
 33468 | D:12     | Killed Nergalle
 33654 | D:12     | Found the +10 tower shield of Ignorance {rN+ Int-4}
 33659 | D:12     | Found a runed translucent door.
 33670 | D:12     | Found a runed translucent door.
 34379 | D:12     | Noticed Ubbricas's ghost (journeyman DsGl)
 34470 | D:13     | HP: 3/113 [bounced beam (62)]
 34472 | D:13     | Slain by a phantasmal warrior

Illustrated notes

Levels and vault maps discovered:
D:1:      minmay_arrival_three_doors, layout_loops_corners, serial_shops, shop
D:2:      layout_basic, hangedman_feature_mirror
D:3:      kennysheep_six_static_rooms, layout_basic, uniq_sigmund, uniq_grinder
D:4:      layout_cave_pools, nicolae_ossuary_entry_monument,
          serial_column_ruins, column_ruins_hut, column_ruins_open_small,
          column_ruins_grid_2, column_ruins_columns_corner,
          column_ruins_columns_T, column_ruins_corridor_plus,
          column_ruins_grid_4, uniq_ijyb
D:5:      layout_gridville, mainiacjoe_overflow_brackets, uniq_eustachio
D:6:      layout_cave_pools, mainiacjoe_overflow_boulevard,
          amethyst_overflow_temple_binary, lemuel_tele_altar,
          corexii_item_surrounded_by_moat, uniq_edmund
D:7:      layout_loops_cross, minmay_temple_entry_stoned_glass, uniq_maggie
D:8:      layout_basic
D:9:      layout_loops_ring, yredelemnul_forgotten_temple_becter,
          roderic_batcave
D:10:     layout_stronghold, david_orc_5, gammafunk_ghost_abyssal_escape
D:11:     layout_basic, minmay_lair_entry_grove
D:12:     layout_roguey, gammafunk_ghost_hive,
          chequers_guarded_unrand_ignorance, uniq_sonja, uniq_nergalle,
          uniq_urug, uniq_azrael
D:13:     layout_roguey, special_room [special_room_bee],
          gammafunk_ghost_nasty_kobolds, uniq_rupert
Lair:1:   cheibrodos_lair_river_kwai, layout_misc_corridors,
          nicolae_lair_liquid_snakes, grunt_megastairs_1
Lair:2:   layout_loops_ring, basic_altar, grunt_forest_small_clearing_treed,
          grunt_megastairs_3, infiniplex_staircase_pool
Lair:3:   layout_cave_pods, spider_nest_entry_web_field, beast_lair_carwin_9
Lair:4:   layout_gridlike, minmay_swamp_entry_reptiles, dpeg_oklob_1,
          lemuel_fruit_tree, serial_bayou_shore_b, grunt_megastairs_5
Lair:5:   layout_cave_pods, slime_altar_2, serial_bayou_shore_b
Lair:6:   grunt_lair_end_beastmaster, layout_loops_ring, st_stairs_3,
          minivault_26, minivault_23, serial_bayou_lagoon_b
Orc:1:    layout_caves, basic_altar
Orc:2:    st_orc_mages, layout_caves, uniq_saint_roka

Skill      XL: |  1  2  3  4  5  6  7  8  9 10 11 12 13 14 |
---------------+-------------------------------------------+-----
Spellcasting   | 2 3 4 5 6 |  6.4
Conjurations   | 4 5 6 7 |  7.1
Shields        | 1 2 3 4 5 |  5.2
Hexes          | 1 2 3 4 |  4.0
Polearms       | 1 2 3 |  3.2
Translocations | 1 3 4 5 |  5.0
Fighting       | 2 3 4 6 7 |  7.3
Maces & Flails | 1 3 5 |  5.0
Dodging        | 2 3 4 5 7 9 10 | 10.2
Evocations     | 2 4 5 |  5.4
Air Magic      | 6 9 10 11 | 11.8
Long Blades    | 3 5 6 7 |  7.5
Necromancy     | 3 5 6 7 |  7.2
Stealth        | |  1.7

Action                   |  1- 3 |  4- 6 |  7- 9 | 10-12 | 13-15 || total
-------------------------+-------+-------+-------+-------+-------++-------
Melee: Staff             |     1 |       |       |       |       ||     1
       Spear             |       |    34 |    27 |       |     7 ||    68
       Punch             |       |     1 |       |       |       ||     1
       Mace              |       |       |    74 |   113 |       ||   187
       Great sword       |       |       |       |   142 |   197 ||   339
 Cast: Magic Dart        |    53 |    80 |    39 |    14 |     2 ||   188
       Searing Ray       |     7 |    14 |    41 |    21 |     6 ||    89
       Fulminant Prism   |       |     1 |    17 |    25 |       ||    43
       Iskenderun's Myst |       |       |    14 |    35 |    18 ||    67
       Lightning Bolt    |       |       |       |   134 |   186 ||   320
       Death Channel     |       |       |       |       |     5 ||     5
Evoke: Wand              |       |       |     2 |       |     2 ||     4
       Condenser vane    |       |       |       |       |     2 ||     2
  Use: Scroll            |       |     4 |     8 |     4 |    10 ||    26
       Potion            |       |       |     2 |     2 |     3 ||     7
 Stab: Sleeping          |       |     1 |       |     1 |       ||     2
Armor: Robe              |     1 |    10 |    40 |    10 |   118 ||   179
       Steam dragon scal |       |       |    30 |   140 |       ||   170
Dodge: Dodged            |     4 |    23 |   114 |   269 |   292 ||   702
Block: Buckler           |       |       |    26 |    31 |     3 ||    60

Table legend: (Time is in decaauts)
 A = Elapsed time spent in this place.
 B = Non-inter-level travel time spent in this place.
 C = Inter-level travel time spent in this place.
 D = Time resting spent in this place.
 E = Time spent auto-exploring this place.
 F = Levels seen in this place.
 G = Mean time per level.
                   A        B        C        D        E       F      G
               +--------+--------+--------+--------+--------+-----+--------+
         Total |  34774 |  33367 |   1407 |  12742 |  15663 |  22 | 1580.6 |
       Dungeon |  18129 |  17261 |    868 |   5016 |   9633 |  13 | 1394.5 |
          Lair |  14063 |  13543 |    520 |   5909 |   5806 |   6 | 2343.8 |
  Orcish Mines |   1943 |   1925 |     18 |   1404 |    183 |   2 |  971.5 |
       Ossuary |    638 |    638 |      0 |    413 |     41 |   1 |  638.0 |
               +--------+--------+--------+--------+--------+-----+--------+

Top non-repeatable levels by time:
  Lair:6: 3344 daAuts
  Lair:1: 3020 daAuts
    D:10: 2957 daAuts
  Lair:5: 2284 daAuts
  Lair:3: 2232 daAuts
     D:5: 1824 daAuts
  Lair:2: 1774 daAuts
    D:12: 1757 daAuts
   Orc:1: 1696 daAuts
    D:11: 1640 daAuts
     D:7: 1580 daAuts
     D:2: 1483 daAuts
     D:9: 1418 daAuts
  Lair:4: 1406 daAuts
     D:8: 1388 daAuts
